3AAA
MILTON DOGFISH HEAD @ ATHLETIC CLUB KC RESERVES
09/17/2042
 
TOP OF THE 1ST
Milton Dogfish Head batting - Pitching for Athletic Club KC Reserves : RHP Kyuso Ageda
Pitching: RHP Kyuso Ageda
Batting: RHB Anthony Hollis 0-0: Called Strike
0-1: Ball
1-1: Ball
2-1: Ball
3-1: Base on Balls
Batting: RHB Arnie Taylor 0-0: Ball
1-0: Ball
2-0: Foul Ball, location: 2F
2-1: DOUBLE (Flyball, 89XD, EV 105.0 MPH)
Anthony Hollis to third
Runner from 3rd tries for Home, SAFE, throw by RF to home
Batting: RHB Colton Pennington 0-0: Ball
1-0: Ball
2-0: Ground out 5-3 (Groundball, 56, EV 85.6 MPH)
Batting: RHB Virgil Guldenmond 0-0: Ball
1-0: Called Strike
1-1: Ground out 6-3 (Groundball, 6S, EV 91.2 MPH)
Arnie Taylor to third
Batting: RHB Bobby Norris 0-0: Ball
1-0: Ground out 3-1 (Groundball, 34, EV 108.8 MPH)
Top of the 1st over - 1 run, 1 hit, 0 errors, 1 left on base; Milton 1 - Athletic Club KC 0
BOTTOM OF THE 1ST
Athletic Club KC Reserves batting - Pitching for Milton Dogfish Head : RHP Javier Guillén
Pitching: RHP Javier Guillén
Batting: RHB Marcos Quintana 0-0: SINGLE (Line Drive, 34D, EV 96.2 MPH)
Batting: SHB Gary Hopkins 0-0: Grounds into double play, 4-6-3 (Groundball, 4, EV 98.1 MPH)
Batting: RHB Dick Barnett 0-0: Swinging Strike
0-1: Foul Ball, location: 2F
0-2: Strikes out swinging
Bottom of the 1st over - 0 runs, 1 hit, 0 errors, 0 left on base; Milton 1 - Athletic Club KC 0
TOP OF THE 2ND
Milton Dogfish Head batting - Pitching for Athletic Club KC Reserves : RHP Kyuso Ageda
Batting: RHB Koryusai Maejima 0-0: Ball
1-0: Ball
2-0: SINGLE (Groundball, 56D, EV 102.5 MPH)
Batting: RHB Ivano Pohvisnev 0-0: Ball
1-0: Ball
2-0: Ball
3-0: Base on Balls
Koryusai Maejima to second
Batting: SHB Christian Cole 0-0: Called Strike
0-1: Swinging Strike
0-2: Ball
1-2: Strikes out swinging
Batting: RHB Cédric Causse 0-0: Called Strike
0-1: SINGLE (Line Drive, 7S, EV 98.8 MPH)
Koryusai Maejima to third
Ivano Pohvisnev to second
Batting: RHB Anthony Hollis 0-0: Ball
1-0: Called Strike
1-1: Ball
2-1: Ball
3-1: Fielders Choice at 2nd, 4-6 (Groundball, 34, EV 108.8 MPH)
Koryusai Maejima scores
Ivano Pohvisnev to third
Batting: RHB Arnie Taylor 0-0: Ball
1-0: Ball
2-0: Called Strike
2-1: Swinging Strike
2-2: Strikes out looking
Top of the 2nd over - 1 run, 2 hits, 0 errors, 2 left on base; Milton 2 - Athletic Club KC 0
BOTTOM OF THE 2ND
Athletic Club KC Reserves batting - Pitching for Milton Dogfish Head : RHP Javier Guillén
Batting: LHB Oriol Fernández 0-0: Ball
1-0: SINGLE (Groundball, 4D, EV 101.9 MPH)
Batting: SHB Michael Evershed 0-0: Called Strike
0-1: Ball
1-1: Foul Ball, location: 2F
1-2: Ball
2-2: Strikes out looking
Batting: LHB Thomas Nealy 0-0: Foul Ball, location: 2F
0-1: Foul Ball, location: 2F
0-2: Foul Ball, location: 2F
0-2: Ball
1-2: Ball
2-2: Fly out, F5 (Popup, 5SF, EV 80.0 MPH)
Batting: LHB Ted Reed 0-0: Ball
1-0: Ball
2-0: Ground out 4-3 (Groundball, 4, EV 93.1 MPH)
Bottom of the 2nd over - 0 runs, 1 hit, 0 errors, 1 left on base; Milton 2 - Athletic Club KC 0
TOP OF THE 3RD
Milton Dogfish Head batting - Pitching for Athletic Club KC Reserves : RHP Kyuso Ageda
Batting: RHB Colton Pennington 0-0: Ball
1-0: Ball
2-0: Called Strike
2-1: Ball
3-1: Foul Ball, location: 2F
3-2: Base on Balls
Batting: RHB Virgil Guldenmond 0-0: Ball
1-0: Fly out, F9 (Line Drive, 9, EV 91.2 MPH)
Batting: RHB Bobby Norris 0-0: Ball
1-0: Foul Ball, location: 2F
1-1: Fly out, F8 (Flyball, 8RM, EV 89.4 MPH)
Batting: RHB Koryusai Maejima 0-0: Ball
1-0: Fly out, F6 (Line Drive, 6, EV 69.4 MPH)
Top of the 3rd over - 0 runs, 0 hits, 0 errors, 1 left on base; Milton 2 - Athletic Club KC 0
BOTTOM OF THE 3RD
Athletic Club KC Reserves batting - Pitching for Milton Dogfish Head : RHP Javier Guillén
Batting: RHB Gabriel Martínez 0-0: Called Strike
0-1: Ball
1-1: Ball
2-1: Foul Ball, location: 2F
2-2: SINGLE (Popup, 4MD, EV 64.4 MPH)
Batting: RHB Daniel Hannaford 0-0: Ball
Gabriel Martínez is caught stealing 2nd base 2-4
1-0: Ball
2-0: Called Strike
2-1: Fly out, F9 (Flyball, 9S, EV 82.5 MPH)
Batting: RHB Marcos Quintana 0-0: Ground out 4-3 (Groundball, 4, EV 82.5 MPH)
Bottom of the 3rd over - 0 runs, 1 hit, 0 errors, 0 left on base; Milton 2 - Athletic Club KC 0
TOP OF THE 4TH
Milton Dogfish Head batting - Pitching for Athletic Club KC Reserves : RHP Kyuso Ageda
Batting: RHB Ivano Pohvisnev 0-0: Called Strike
0-1: Ball
1-1: Ground out 6-3 (Groundball, 56, EV 105.0 MPH)
Batting: SHB Christian Cole 0-0: Ball
1-0: Ball
2-0: Ground out 6-3 (Groundball, 6, EV 84.4 MPH)
Batting: RHB Cédric Causse 0-0: Foul Ball, location: 2F
0-1: SINGLE (Flyball, 9S, EV 88.8 MPH)
Batting: RHB Anthony Hollis 0-0: Foul Ball, location: 2F
0-1: Single, Error in OF, E8, batter to second base (Line Drive, 4D, EV 101.9 MPH)
Cédric Causse to third
Batting: RHB Arnie Taylor 0-0: Ball
Wild Pitch!
Cédric Causse scores
Anthony Hollis to third
1-0: Swinging Strike
1-1: Ball
2-1: Foul Ball, location: 2F
2-2: Strikes out swinging passed ball, reaches first!
Anthony Hollis scores
Batting: RHB Colton Pennington 0-0: Called Strike
0-1: Called Strike
0-2: Strikes out looking
Top of the 4th over - 2 runs, 2 hits, 1 error, 1 left on base; Milton 4 - Athletic Club KC 0
BOTTOM OF THE 4TH
Athletic Club KC Reserves batting - Pitching for Milton Dogfish Head : RHP Javier Guillén
Batting: SHB Gary Hopkins 0-0: Foul Ball, location: 2F
0-1: Called Strike
0-2: Ground out 4-3 (Groundball, 4, EV 88.8 MPH)
Batting: RHB Dick Barnett 0-0: Foul Ball, location: 2F
0-1: Ball
1-1: Ground out 6-3 (Groundball, 6, EV 96.9 MPH)
Batting: LHB Oriol Fernández 0-0: Ball
1-0: Fly out, F8 (Flyball, 8LXD, EV 101.2 MPH)
Bottom of the 4th over - 0 runs, 0 hits, 0 errors, 0 left on base; Milton 4 - Athletic Club KC 0
TOP OF THE 5TH
Milton Dogfish Head batting - Pitching for Athletic Club KC Reserves : RHP Kyuso Ageda
Batting: RHB Virgil Guldenmond 0-0: Ball
1-0: Fly out, F8 (Flyball, 8LM, EV 71.9 MPH)
Batting: RHB Bobby Norris 0-0: Ball
1-0: Ball
2-0: Called Strike
2-1: SOLO HOME RUN (Flyball, 89XD, EV 90.0 MPH), Distance : 385 ft
Pitching: LHP Donat Karczmarek
Batting: RHB Koryusai Maejima 0-0: Ball
1-0: Ball
2-0: Fly out, F8 (Flyball, 8RM, EV 88.1 MPH)
Batting: RHB Ivano Pohvisnev 0-0: Ball
1-0: Ball
2-0: Ball
3-0: Called Strike
3-1: Swinging Strike
3-2: Foul Ball, location: 2F
3-2: Strikes out swinging
Top of the 5th over - 1 run, 1 hit, 0 errors, 0 left on base; Milton 5 - Athletic Club KC 0
BOTTOM OF THE 5TH
Athletic Club KC Reserves batting - Pitching for Milton Dogfish Head : RHP Javier Guillén
Batting: SHB Michael Evershed 0-0: Ball
1-0: Swinging Strike
1-1: Ground out 4-3 (Groundball, 4, EV 107.5 MPH)
Batting: LHB Thomas Nealy 0-0: Ball
1-0: Fly out, F5 (Popup, 5, EV 69.4 MPH)
Batting: LHB Ted Reed 0-0: Ball
1-0: Ball
2-0: Foul Ball, location: 2F
2-1: Called Strike
2-2: Ground out 3-1 (Groundball, 34, EV 85.0 MPH)
Bottom of the 5th over - 0 runs, 0 hits, 0 errors, 0 left on base; Milton 5 - Athletic Club KC 0
TOP OF THE 6TH
Milton Dogfish Head batting - Pitching for Athletic Club KC Reserves : LHP Donat Karczmarek
Batting: SHB Christian Cole 0-0: Called Strike
0-1: Swinging Strike
0-2: Ball
1-2: Foul Ball, location: 2F
1-2: Ball
2-2: Foul Ball, location: 2F
2-2: Foul Ball, location: 2F
2-2: Strikes out swinging
Batting: RHB Cédric Causse 0-0: Ball
1-0: Swinging Strike
1-1: Ball
2-1: Ball
3-1: Foul Ball, location: 2F
3-2: Strikes out looking
Batting: RHB Anthony Hollis 0-0: Called Strike
0-1: SINGLE (Groundball, 6M, EV 101.2 MPH)
Batting: RHB Arnie Taylor 0-0: Ball
Anthony Hollis is caught stealing 2nd base 2-4
Top of the 6th over - 0 runs, 1 hit, 0 errors, 0 left on base; Milton 5 - Athletic Club KC 0
BOTTOM OF THE 6TH
Athletic Club KC Reserves batting - Pitching for Milton Dogfish Head : RHP Javier Guillén
Batting: RHB Gabriel Martínez 0-0: Foul Ball, location: 2F
0-1: Ball
1-1: Called Strike
1-2: Fly out, F8 (Line Drive, 8LM, EV 110.6 MPH)
Batting: RHB Daniel Hannaford 0-0: Called Strike
0-1: Foul Ball, location: 2F
0-2: Ball
1-2: Ball
2-2: SINGLE (Line Drive, 89M, EV 94.4 MPH)
Batting: RHB Marcos Quintana 0-0: Called Strike
0-1: Ball
1-1: SINGLE (Line Drive, 89M, EV 106.2 MPH)
Daniel Hannaford to second
Batting: SHB Gary Hopkins 0-0: Ball
1-0: Fielders Choice at 2nd, 1-6 (Groundball, 13, EV 90.6 MPH)
Daniel Hannaford to third
Batting: RHB Dick Barnett 0-0: Foul Ball, location: 2F
0-1: Called Strike
0-2: Strikes out looking
Bottom of the 6th over - 0 runs, 2 hits, 0 errors, 2 left on base; Milton 5 - Athletic Club KC 0
TOP OF THE 7TH
Milton Dogfish Head batting - Pitching for Athletic Club KC Reserves : LHP Donat Karczmarek
Batting: RHB Arnie Taylor 0-0: Called Strike
0-1: Called Strike
0-2: Foul Ball, location: 2F
0-2: Foul Ball, location: 2F
0-2: Ball
1-2: Foul Ball, location: 2F
1-2: Foul Ball, location: 2F
1-2: Fly out, F9 (Flyball, 9, EV 95.6 MPH)
Batting: RHB Colton Pennington 0-0: Foul Ball, location: 2F
0-1: Foul Ball, location: 2F
0-2: Hit by Pitch
Pitching: RHP Lucas Thomas
Batting: RHB Virgil Guldenmond 0-0: Ball
1-0: SINGLE (Line Drive, 78S, EV 95.6 MPH)
Colton Pennington to second
Batting: RHB Bobby Norris 0-0: Called Strike
0-1: Called Strike
0-2: Ball
1-2: Ball
2-2: Ball
3-2: Foul Ball, location: 2F
3-2: Fly out, F8 (Line Drive, 8LD, EV 108.8 MPH)
Batting: RHB Koryusai Maejima 0-0: Hit by Pitch
Colton Pennington to third
Virgil Guldenmond to second
Batting: RHB Ivano Pohvisnev 0-0: Ball
1-0: Ball
2-0: Ball
3-0: Base on Balls
Colton Pennington scores
Virgil Guldenmond to third
Koryusai Maejima to second
Batting: SHB Christian Cole 0-0: Foul Ball, location: 2F
0-1: Fly out, F7 (Flyball, 7S, EV 97.5 MPH)
Top of the 7th over - 1 run, 1 hit, 0 errors, 3 left on base; Milton 6 - Athletic Club KC 0
BOTTOM OF THE 7TH
Athletic Club KC Reserves batting - Pitching for Milton Dogfish Head : RHP Javier Guillén
Batting: LHB Oriol Fernández 0-0: DOUBLE (Line Drive, 78XD, EV 108.8 MPH)
Batting: SHB Michael Evershed 0-0: Reached on error, E3 (Groundball, 34, EV 92.5 MPH)
Oriol Fernández to third
Batting: LHB Thomas Nealy 0-0: Ball
1-0: Called Strike
1-1: Called Strike
1-2: Strikes out swinging
Batting: LHB Ted Reed 0-0: Called Strike
0-1: Ball
1-1: Foul Ball, location: 2F
1-2: Strikes out looking
Batting: RHB Gabriel Martínez 0-0: Fly out, F5 (Popup, 56S, EV 73.8 MPH)
Bottom of the 7th over - 0 runs, 1 hit, 1 error, 2 left on base; Milton 6 - Athletic Club KC 0
TOP OF THE 8TH
Milton Dogfish Head batting - Pitching for Athletic Club KC Reserves : RHP Lucas Thomas
Batting: RHB Cédric Causse 0-0: Swinging Strike
0-1: Ball
1-1: Ball
2-1: Foul Ball, location: 2F
2-2: Strikes out looking
Batting: RHB Anthony Hollis 0-0: Ball
1-0: Ball
2-0: Ball
3-0: Swinging Strike
3-1: Called Strike
3-2: Strikes out looking
Batting: RHB Arnie Taylor 0-0: Ball
1-0: Called Strike
1-1: Ball
2-1: Ball
3-1: Base on Balls
Batting: RHB Colton Pennington 0-0: Ball
1-0: Foul Ball, location: 2F
1-1: Ball
2-1: Ground out 5-3 (Groundball, 56S, EV 68.1 MPH)
Top of the 8th over - 0 runs, 0 hits, 0 errors, 1 left on base; Milton 6 - Athletic Club KC 0
BOTTOM OF THE 8TH
Athletic Club KC Reserves batting - Pitching for Milton Dogfish Head : RHP Javier Guillén
Batting: RHB Daniel Hannaford 0-0: Ball
1-0: Fly out, F5 (Line Drive, 5, EV 68.8 MPH)
Batting: RHB Marcos Quintana 0-0: Fly out, F7 (Flyball, 78S, EV 88.8 MPH)
Batting: SHB Gary Hopkins 0-0: Ball
1-0: Foul Ball, location: 2F
1-1: SINGLE (Line Drive, 7S, EV 88.8 MPH)
Batting: RHB Dick Barnett 0-0: Ball
1-0: Swinging Strike
1-1: Foul Ball, location: 2F
1-2: Strikes out looking
Bottom of the 8th over - 0 runs, 1 hit, 0 errors, 1 left on base; Milton 6 - Athletic Club KC 0
TOP OF THE 9TH
Milton Dogfish Head batting - Pitching for Athletic Club KC Reserves : RHP Lucas Thomas
Pitching: RHP Keith Johnson
Batting: RHB Virgil Guldenmond 0-0: Called Strike
0-1: Foul Ball, location: 2F
0-2: Foul Ball, location: 2F
0-2: SINGLE (Groundball, 5, EV 99.4 MPH) (infield hit)
Batting: RHB Bobby Norris 0-0: Called Strike
0-1: Ball
1-1: Ball
2-1: Fly out, F8 (Flyball, 8RS, EV 83.1 MPH)
Batting: RHB Koryusai Maejima 0-0: Foul Ball, location: 2F
0-1: Called Strike
0-2: Foul Ball, location: 2F
0-2: Ball
1-2: Ball
2-2: Foul Ball, location: 2F
2-2: Strikes out looking
Batting: RHB Ivano Pohvisnev 0-0: Ball
1-0: Foul Ball, location: 2F
1-1: Ball
2-1: Swinging Strike
2-2: Ball
3-2: Foul Ball, location: 2F
3-2: Foul Ball, location: 2F
3-2: Fly out, F7 (Flyball, 7S, EV 96.2 MPH)
Top of the 9th over - 0 runs, 1 hit, 0 errors, 1 left on base; Milton 6 - Athletic Club KC 0
BOTTOM OF THE 9TH
Athletic Club KC Reserves batting - Pitching for Milton Dogfish Head : RHP Javier Guillén
Batting: LHB Oriol Fernández 0-0: Fly out, F8 (Flyball, 8RXD, EV 102.5 MPH)
Batting: SHB Michael Evershed 0-0: Ball
1-0: Swinging Strike
1-1: Ball
2-1: Ball
3-1: Base on Balls
Pitching: RHP Román Mejía
Batting: LHB Thomas Nealy 0-0: Called Strike
0-1: Foul Ball, location: 2F
0-2: Ball
1-2: Foul Ball, location: 2F
1-2: Strikes out swinging
Batting: LHB Ted Reed 0-0: Ball
1-0: Ball
2-0: Ball
3-0: Base on Balls
Michael Evershed to second
Batting: RHB Gabriel Martínez 0-0: Called Strike
0-1: Foul Ball, location: 2F
0-2: Ground out 1-3 (Groundball, 15, EV 85.6 MPH)
Bottom of the 9th over - 0 runs, 0 hits, 0 errors, 2 left on base; Milton 6 - Athletic Club KC 0
Friday, March 26th, 2021 - OOTP Baseball 20.8 Build 74